cohdb
Replays
Latest Replays
All Replays
Popular Replays
Top Player Replays
Match Explorer
How It Works
Community
CoH3 Stats
Reddit
Sign in to upload your games and track your stats! →
Sign in with Steam
Match 40500987
Unlisted
Match 40500987
Overview
Messages
Build Orders
End
Pioneer Squad
Construct Infanterie Kompanie
Grenadier Squad
Grenadier Squad
Infanterie Officer Quarters
MG 42 Machine Gun Team
Grenadier Squad
Construct Luftwaffe Kompanie
221 Scout Car
Flak 30 Anti-aircraft Gun Team
Jäger Squad
Jäger Squad
Selects Mechanized Battlegroup
Selects Mechanized Battlegroup
Selects Raid Package
Support Elements
Marder III M Tank Destroyer
Marder III M Tank Destroyer
Wirbelwind Flakpanzer
Medical Bunker
Jäger Squad
Marder III M Tank Destroyer
MaXiS
『BlackBear』
0
0
Comments
sign in to comment!
No comments posted yet!